AoeStats
← przemulek123

Arabia

509909826Analyzed
1v1 RM · 2d ago on Sep 28, 2026· 55m 18s· 2 players
Game mode
Random Map
Map size
Tiny (2 player)
Population
200
Speed
Normal
Resources
Standard
Victory
Conquest
Starting age
Dark Age
Ending age
Imperial Age
RankedLock teamsTeams togetherTeam positionsShared explorationLock speedFull tech treeHidden civsTurbo modeCheats
Victory
Defeat
🇵🇱 Bulgarians · Poland
965
+15
🇯🇵 Muisca · Japan
945
-15
爱犹sama
11:02 Feudal Age
11:05 Champi Runner
15:05 Forging
16:08 Loom
19:07 Castle Age
19:11 Double-Bit Axe
19:09 Horse Collar
19:21 Gold Mining
21:37 Bow Saw
26:47 Redemption
28:04 Sanctity
29:54 Fervor
33:58 Wheelbarrow
33:38 Fletching
33:49 Padded Archer Armor
34:16 Heavy Plow
34:09 Stone Mining
37:49 Imperial Age
36:20 Hand Cart
36:05 Bodkin Arrow
37:20 Leather Archer Armor
37:24 Squires
37:55 Murder Holes
39:33 Chemistry
38:34 Bracer
39:02 Block Printing
39:15 Illumination
38:54 Devotion
39:31 Theocracy
40:04 Two-Man Saw
40:28 Crop Rotation
41:04 Ballistics
40:55 Masonry
40:50 Siege Engineers
41:30 Town Watch
41:11 Elite Guecha Warrior
42:11 Conscription
43:15 Hoardings
45:04 Gold Shaft Mining
45:07 Stone Shaft Mining
45:41 Thumb Ring
47:59 Town Patrol
51:31 Atonement
55:47 Iron Casting
55:12 Scale Mail Armor
przemulek123
4:50 Loom
11:29 Feudal Age
12:43 Double-Bit Axe
15:50 Forging
17:54 Arson
20:49 Scale Mail Armor
21:37 Fletching
25:40 Castle Age
26:23 Padded Archer Armor
30:15 Gold Mining
32:01 Light Cavalry
32:52 Bloodlines
33:30 Bow Saw
34:21 Bodkin Arrow
35:02 Iron Casting
34:33 Scale Barding Armor
36:49 Devotion
41:59 Heresy
44:05 Chain Barding Armor
45:07 Pikeman
45:47 Squires
49:15 Elite Skirmisher
51:04 Thumb Ring
56:49 Imperial Age
Connection lost

Rejoining the realm…

Still unreachable

The connection could not be restored.

Session expired

The server has moved on; the page needs a fresh start.